 Dungeon Crawl Stone Soup version 0.31.0-12-g77e489cdc1 (webtiles) character file.

Game seed: 17801778342470918460

101 Gadfly the Shooter (level 5, -1/32 HPs)
             Began as a Kobold Hunter on Feb 14, 2024.
             Slain by Ijyb
             ... wielding a +2 club
              (7 damage)
             ... on level 4 of the Dungeon.
             The game lasted 00:05:06 (3098 turns).

Gadfly the Shooter (Kobold Hunter)                  Turns: 3098, Time: 00:05:07

Health: -1/32      AC:  4    Str:  8    XL:     5   Next: 4%
Magic:  6/6        EV: 16    Int: 11    God:
Gold:   139        SH:  0    Dex: 26    Spells: 4/4 levels left

rFire   . . .        a - +0 shortbow
rCold   . . .        (shield currently unavailable)
rNeg    . . .        c - +1 leather armour
rPois   +            (no helmet)
rElec   .            (no cloak)
rCorr   .            (no gloves)
SInv    .            (no boots)
Will    .....        (no amulet)
Stlth   +++          f - ring of poison resistance
HPRegen 0.25/turn    d - +6 ring of dexterity
MPRegen 0.10/turn

%: no passive effects
@: no status effects
A: small, no large weapons, nightstalker 3
a: no special abilities


You were on level 4 of the Dungeon.
You visited 1 branch of the dungeon, and saw 4 of its levels.

You collected 139 gold pieces.

Inventory:

Hand Weapons
 a - a +0 shortbow (weapon)
Armour
 c - a +1 leather armour (worn)
Jewellery
 d - a +6 ring of dexterity (right hand)
 f - a ring of poison resistance (left hand)
Scrolls
 b - a scroll of butterflies
 h - a scroll of fog
 j - 3 scrolls of fear
 l - a scroll of blinking
Potions
 e - a potion of berserk rage
 g - a potion of mutation
 k - a potion of heal wounds {unknown}


   Skills:
 + Level 3.0 Fighting
 + Level 5.7 Ranged Weapons
 + Level 3.0 Dodging
 - Level 1.3 Stealth
 * Level 2.3 Invocations
 * Level 2.3 Evocations


You had 4 spell levels left.
You didn't know any spells.
Your spell library contained the following spells:

 Spells                   Type           Power      Damage    Failure   Level
 Olgreb's Toxic Radiance  Alch           0%         N/A       99%         4
 Ozocubu's Refrigeration  Ice            0%         4d7       100%        7
 Discord                  Hex            0%         N/A       100%        8


Dungeon Overview and Level Annotations

Branches:
Dungeon (4/15)
 Temple: D:4-7

Altars:

Shops:
D:1 =

Annotations:
D:4 Ijyb


Innate Abilities, Weirdness & Mutations

You are small and have problems with some larger weapons.
You are completely attuned to the shadows.


Message History

d - a +6 ring of dexterity (right hand)
A ball python comes into view.
Found 8 stones.
A ball python is nearby!
A ball python is nearby!
You shoot an arrow. The ball python hisses angrily.
The arrow hits the ball python but does no damage.
You hear a shout!
You shoot an arrow. The arrow hits the ball python.
The ball python is severely wounded.
You shoot an arrow.
The arrow completely misses the ball python.
Ijyb the Twisted Goblin comes into view.
She is wielding a +2 club and carrying a wand of mindburst.
The ball python barely misses you. x2
You shoot an arrow. The arrow hits the ball python.
You kill the ball python!
You shoot an arrow. The arrow hits Ijyb.
Ijyb is moderately wounded.
You shoot an arrow. The arrow hits Ijyb!
Ijyb is severely wounded.
Ijyb closely misses you.
You shoot an arrow. The arrow hits Ijyb.
Ijyb is almost dead.
Ijyb barely misses you.
You shoot an arrow. The arrow barely misses Ijyb.
Ijyb hits you with a +2 club.
You shoot an arrow. The arrow barely misses Ijyb.
Ijyb misses you.
You shoot an arrow. The arrow closely misses Ijyb.
Ijyb zaps a wand.
Your mind is blasted!
You shoot an arrow. The arrow closely misses Ijyb.
Ijyb hits you but does no damage.
Ijyb is nearby!
Ijyb is nearby!
You shoot an arrow. The arrow hits Ijyb but does no damage.
Ijyb is almost dead.
Ijyb zaps a wand.
Your mind is blasted!
Ouch! That really hurt!
* * * LOW HITPOINT WARNING * * *
Ijyb hits you with a +2 club!
You die...

#. ######### ( #.
..#......#######
..#.##.#.####........
.......#.############
...g@......... .
...†##.#.#####
.........#
...<..#.....
...#..#.#### ......#
###..## ###


You could see Ijyb.

Vanquished Creatures
  Jessica (D:2)
  An adder (D:2)
  A ribbon worm (D:2)
  9 ball pythons
  7 endoplasms
  2 giant cockroaches (D:2)
  5 goblins
  10 hobgoblins
  3 kobolds
  2 quokkas
  12 bats
  6 rats
59 creatures vanquished.

Notes
Turn   | Place    | Note
-------+----------+-------------------------------------------
     0 | D:1      | Gadfly the Kobold Hunter began the quest for the Orb.
     0 | D:1      | Reached XP level 1. HP: 12/12 MP: 1/1
   184 | D:1      | Reached XP level 2. HP: 18/18 MP: 2/2
   254 | D:1      | Found Assopn's Jewellery Emporium.
   500 | D:1      | Reached skill level 1 in Invocations
   588 | D:1      | Reached skill level 1 in Evocations
  1144 | D:2      | Noticed Jessica
  1148 | D:2      | Killed Jessica
  1149 | D:2      | Reached XP level 3. HP: 15/22 MP: 2/4
  1231 | D:2      | Reached XP level 4. HP: 27/27 MP: 5/5
  2660 | D:3      | Reached XP level 5. HP: 32/32 MP: 6/6
  3089 | D:4      | Noticed Ijyb
  3098 | D:4      | Slain by Ijyb

Illustrated notes

Levels and vault maps discovered:
D:1:      dpeg_arrival_more_subterranean_lakeside_camping, layout_basic,
          serial_shops, shop, chequers_big_river
D:2:      layout_loops_corners, uniq_jessica
D:3:      layout_loops_ring, amethyst_killhole, kennysheep_potato
D:4:      layout_basic, temple_hall, uniq_ijyb

Skill      XL: |  1  2  3  4  5 |
---------------+----------------+-----
Invocations    | 1 2 |  2.3
Evocations     | 1 2 |  2.3
Dodging        | 3 |  3.0
Fighting       | 3 |  3.0
Ranged Weapons | |  5.7
Stealth        | |  1.3

Action                     |  1- 3 |  4- 6 || total
---------------------------+-------+-------++-------
   Fire: Shortbow          |    50 |   111 ||   161
    Use: Scroll            |     4 |     6 ||    10
 Armour: Leather armour    |     8 |    16 ||    24
  Dodge: Dodged            |    12 |    48 ||    60
